AoeStats
← MooseMooch

Arena

509178888Analyzed
1v1 RM · 6d ago on Sep 25, 2026· 44m 8s· 2 players
Game mode
Random Map
Map size
Tiny (2 player)
Population
200
Speed
Normal
Resources
Standard
Victory
Conquest
Starting age
Dark Age
Ending age
Imperial Age
RankedLock teamsTeams togetherTeam positionsShared explorationLock speedFull tech treeHidden civsTurbo modeCheats
Victory
Defeat
🇫🇷 Lithuanians · France
1336
+14
🇩🇪 Portuguese · Germany
1298
-14
nmarc
10:26 Feudal Age
13:57 Castle Age
11:58 Double-Bit Axe
12:19 Horse Collar
15:31 Light Cavalry
16:47 Bow Saw
20:47 Loom
21:07 Gold Mining
23:53 Wheelbarrow
25:47 Hand Cart
30:13 Imperial Age
27:53 Scale Barding Armor
27:59 Forging
27:49 Town Watch
28:25 Padded Archer Armor
28:42 Heavy Plow
29:43 Chain Barding Armor
30:52 Leather Archer Armor
30:39 Stone Mining
31:58 Chemistry
30:30 Elite Skirmisher
32:14 Plate Barding Armor
32:15 Iron Casting
32:15 Conscription
33:24 Bloodlines
33:15 Husbandry
34:06 Tower Shields
36:15 Hoardings
35:40 Fletching
36:21 Ring Archer Armor
36:06 Winged Hussar
37:21 Bodkin Arrow
MooseMooch
11:09 Feudal Age
14:52 Castle Age
12:54 Double-Bit Axe
13:05 Horse Collar
15:38 Light Cavalry
16:46 Bow Saw
23:44 Wheelbarrow
22:55 Loom
27:24 Imperial Age
24:46 Pikeman
26:44 Scale Mail Armor
26:38 Gold Mining
26:39 Stone Mining
27:59 Hand Cart
27:29 Halberdier
29:18 Chemistry
29:51 Chain Mail Armor
29:46 Forging
31:21 Plate Mail Armor
31:47 Padded Archer Armor
33:04 Husbandry
33:14 Bloodlines
32:25 Cavalier
33:27 Scale Barding Armor
33:57 Iron Casting
33:54 Heavy Plow
33:51 Treadmill Crane
34:38 Chain Barding Armor
36:13 Blast Furnace
36:37 Plate Barding Armor
36:29 Ballistics
36:22 Masonry
37:55 Conscription
39:36 Arquebus
39:52 Siege Engineers
41:04 Thumb Ring
40:19 Crossbowman
Connection lost

Rejoining the realm…

Still unreachable

The connection could not be restored.

Session expired

The server has moved on; the page needs a fresh start.